 Dungeon Crawl Stone Soup version bcrawl-1.36 (webtiles) character file.

Game seed: 6281232646474432577

315378 MagicSucks the Fighter (level 9, -5/105 HPs)
             Began as an Ent Sloth Apostle on Apr 9, 2022.
             Was an Elder of Cheibriados.
             Slain by a steam dragon (6 damage)
             ... on level 7 of the Dungeon.
             The game lasted 00:05:27 (5718 turns).

MagicSucks the Fighter (Ent Sloth Apostle)          Turns: 5718, Time: 00:05:28

Health: -5/105     AC: 16    Str: 37    XL:     9   Next: 43%
Magic:  10/10      EV:  7    Int: 23    God:    Cheibriados [****..]
Gold:   482        SH: 12    Dex: 19    Spells: 9/10 levels left

rFire    . . .     SeeInvis .   r - +0 trident
rCold    . . .     Gourm    .   b - +0 medium shield
rNeg     + + +     Faith    .   (armour unavailable)
rPois    +         Spirit   .   (helmet restricted)
rElec    .         Reflect  .   (no cloak)
rCorr    .         Clarity  +   (gloves unavailable)
MR       .....                  (boots unavailable)
Stlth    +++.......             (no amulet)
HPRegen  0.27/turn              t - +4 ring of strength
MPRegen  0.12/turn              (no ring)

@: very slow
A: large, slow actions, passwall, strong branches, negative energy resistance 3,
poison resistance, slow metabolism 1, torment resistance, unbreathing, AC +16
a: Passwall, Bend Time, Defer, Temporal Distortion, Renounce Religion


You were on level 7 of the Dungeon.
You worshipped Cheibriados.
Cheibriados was greatly pleased with you.
You were hungry.

You visited 1 branch of the dungeon, and saw 7 of its levels.

You collected 482 gold pieces.

Inventory:

Hand Weapons
 r - a +0 trident (weapon)
 y - a +2 dagger of electrocution
Armour
 b - a +0 medium shield (worn)
Jewellery
 t - a +4 ring of strength (left hand)
Wands
 c - a wand of paralysis (6)
 l - a wand of scattershot (1)
 u - a wand of clouds (3)
 x - a wand of polymorph (2)
Scrolls
 a - a scroll of blinking {unknown}
 d - a scroll of fear {unknown}
 i - 4 scrolls of identify
 j - a scroll of fog {unknown}
 n - 5 scrolls of teleportation {unknown}
 q - a scroll of immolation {unknown}
 s - 3 scrolls of remove curse {unknown}
 v - 2 scrolls of enchant weapon {unknown}
 w - 2 scrolls of enchant armour
 z - a scroll of amnesia {unknown}
 A - a scroll of magic mapping {unknown}
 B - a scroll of vulnerability {unknown}
Potions
 f - 4 potions of curing
 g - a potion of invisibility
 h - a potion of agility {unknown}
 k - 2 potions of flight
 o - 2 potions of mutation {unknown}
 p - 3 potions of brilliance
Comestibles
 e - 3 rations {!d}


   Skills:
 * Level 8.7 Fighting
 - Level 7.8 Polearms
 - Level 3.6 Stealth
 * Level 6.5 Shields
 - Level 1.2 Spellcasting
 - Level 2.0 Hexes
 + Level 2.5 Invocations
 - Level 0.8 Evocations


You had 9 spell levels left.
You knew the following spells:

 Your Spells              Type           Power        Failure   Level  Hunger
a - Slow                  Hex            ##......     22%         1    None

Your spell library contained the following spells:

 Spells                   Type           Power        Failure   Level  Hunger
 Apportation              Tloc           #.....       45%         1    None
 Infusion                 Chrm           #.......     45%         1    None
 Sandblast                Erth           #.....       45%         1    None
 Sting                    Conj/Pois      #...         45%         1    None
 Summon Butterflies       Summ           #.......     45%         1    None
 Poisonous Vapours        Pois/Air       #.....       58%         2    ###....
 Ignite Poison            Fire/Tmut/Pois #.......     83%         3    #####..
 Olgreb's Toxic Radiance  Pois           #........    99%         4    ######.
 Summon Scorpions         Summ/Pois      #.......     99%         4    ######.
 Venom Bolt               Conj/Pois      #.........   100%        5    #######


Dungeon Overview and Level Annotations

Branches:
Dungeon (7/12)             Temple (0/1) D:5
   Lair: D:7-9

Altars:

Shops:
D:5 [

Annotations:
D:5 1 runed door
D:7 1 runed door


Innate Abilities, Weirdness & Mutations

You move and act slowly.
You can pass through walls and trees.
Your branches can wield two-handed weapons with a shield.
Your thick bark is tough. (AC +16)
You are too large for most types of armour.
You are immune to negative energy. (rN+++)
Your system is resistant to poisons. (rPois)
You have a slow metabolism.
You are immune to unholy pain and torment.
You can survive without breathing.


Message History

* * * LOW HITPOINT WARNING * * *
The steam dragon breathes steam at you. The ball of steam hits you!
* * * LOW HITPOINT WARNING * * *
Okay, then.
Evoke which item? (* to show all) (? for menu, Esc to quit)
Aiming: Cloud Cone
Press: ? - help, Dir - move target cursor, f - troll, p - steam dragon
Aim: a troll (moderately wounded)
You create a blast of noxious fumes!
You are engulfed in a cloud of scalding steam.
* * * LOW HITPOINT WARNING * * *
The troll is engulfed in noxious fumes.
The troll appears confused.
The steam dragon bites you but does no damage.
The steam dragon claws you but does no damage.
The ogre is engulfed in noxious fumes.
The ogre appears confused.
You block the troll's attack. The troll claws you!
* * * LOW HITPOINT WARNING * * *
The troll claws you but does no damage. The steam dragon bites you.
You die...

...#### #.####.. ....
......# #....#.# ...#
......# #.####.# ...#
......#####.####.# ...
...............#.###.####.
...###########.#..........
...# #[.....§....# #.##
###TD§§§..### .# #@O§§####
.# #.#### .. #.. #...
#.... #.###. #.# .. #.. ..


You could see a troll (confused), a steam dragon and an ogre (confused).

Vanquished Creatures
  A troll (D:7)
  Grinder (D:5)
  A hippogriff (D:6)
  A black bear (D:4)
  An orc warrior (D:6)
  A phantom (D:4)
  3 sky beasts
  An ogre (D:3)
  A centaur (D:5)
  A big kobold (D:5)
  A bullfrog (D:5)
  Blork the orc (D:5)
  A wyvern skeleton (D:7)
  3 wights (D:6)
  3 crimson imps
  An orc priest (D:4)
  2 hounds (D:4)
  A bullfrog zombie (D:5)
  A jelly (D:4)
  2 centaur skeletons
  Ijyb (D:5)
  2 iguanas
  3 orc wizards
  Natasha (thrice) (D:3)
  2 worker ants (D:6)
  A killer bee zombie (D:6)
  2 hound skeletons
  A howler monkey zombie (D:7)
  A gnoll (D:7)
  3 adders
  An adder skeleton (D:5)
  2 worms
  2 dart slugs
  3 leopard geckos
  18 orcs
  2 bats (D:2)
  7 giant cockroaches
  2 goblins
  6 hobgoblins
  7 jackals
  4 quokkas
  3 frilled lizards
  2 jackal skeletons (D:3)
  10 kobolds
  3 rats
119 creatures vanquished.

Vanquished Creatures (others)
  2 bushes (D:7)
  10 plants (D:7)
12 creatures vanquished.

Grand Total: 131 creatures vanquished

Notes
Turn   | Place    | Note
-------+----------+-------------------------------------------
     0 | D:1      | MagicSucks the Ent Sloth Apostle began the quest for the
                  | Orb.
     0 | D:1      | Reached XP level 1. HP: 22/22 MP: 2/2
   249 | D:1      | Reached XP level 2. HP: 32/32 MP: 3/3
  1175 | D:2      | Reached * piety under Cheibriados
  1176 | D:2      | Reached XP level 3. HP: 39/39 MP: 4/4
  1286 | D:2      | Reached skill level 3 in Fighting
  1846 | D:3      | Noticed Natasha
  1855 | D:3      | Killed Natasha
  1856 | D:3      | Reached XP level 4. HP: 37/49 MP: 5/5
  1945 | D:3      | Found a faded altar of an unknown god.
  2049 | D:3      | Noticed Natasha
  2062 | D:3      | Reached ** piety under Cheibriados
  2083 | D:3      | Killed Natasha
  2104 | D:3      | Paralysed by fainting for 11 turns
  2171 | D:3      | Reached XP level 5. HP: 45/58 MP: 6/6
  2337 | D:3      | Noticed Natasha
  2352 | D:3      | Killed Natasha
  2434 | D:3      | Reached skill level 4 in Fighting
  2465 | D:3      | Noticed an ogre
  2473 | D:3      | Killed an ogre
  2474 | D:3      | Reached XP level 6. HP: 68/68 MP: 7/7
  2810 | D:4      | Reached skill level 5 in Fighting
  2852 | D:4      | Reached skill level 5 in Polearms
  2860 | D:4      | Reached XP level 7. HP: 73/78 MP: 8/8
  2893 | D:4      | Reached *** piety under Cheibriados
  3549 | D:5      | Entered Level 5 of the Dungeon
  3549 | D:5      | Found Baymeuc's Armour Shop.
  3789 | D:5      | Found a staircase to the Ecumenical Temple.
  3817 | D:5      | Reached skill level 6 in Fighting
  3935 | D:5      | Found a runed door.
  4061 | D:5      | Noticed Blork the orc
  4071 | D:5      | Killed Blork the orc
  4072 | D:5      | Reached XP level 8. HP: 81/89 MP: 9/9
  4085 | D:5      | Noticed Ijyb
  4097 | D:5      | Killed Ijyb
  4167 | D:5      | Noticed Grinder
  4173 | D:5      | Paralysed by Grinder for 3 turns
  4187 | D:5      | Killed Grinder
  4188 | D:5      | Reached skill level 5 in Shields
  4748 | D:5      | Reached skill level 7 in Fighting
  4889 | D:6      | Reached **** piety under Cheibriados
  5161 | D:6      | Noticed a hippogriff
  5165 | D:6      | Killed a hippogriff
  5202 | D:6      | Reached XP level 9. HP: 99/103 MP: 10/10
  5542 | D:7      | Noticed a troll
  5569 | D:7      | Reached skill level 8 in Fighting
  5574 | D:7      | Reached skill level 1 in Invocations
  5598 | D:7      | Killed a troll
  5644 | D:7      | Found a runed door.
  5707 | D:7      | Noticed a troll
  5718 | D:7      | HP: 1/105 [troll (8)]
  5718 | D:7      | Slain by a steam dragon

Skill      XL: |  1  2  3  4  5  6  7  8  9 |
---------------+----------------------------+-----
Shields        | 2 3 4 5 6 |  6.5
Fighting       | 3 4 5 6 7 8 |  8.7
Polearms       | 3 4 5 6 7 |  7.8
Invocations    | 2 |  2.5
Stealth        | |  3.6
Spellcasting   | |  1.2
Hexes          | |  2.0
Evocations     | |  0.8

Action                   |  1- 3 |  4- 6 |  7- 9 || total
-------------------------+-------+-------+-------++-------
Melee: Spear             |    79 |       |       ||    79
       Morningstar       |    50 |    47 |       ||    97
       Trident           |       |    78 |   258 ||   336
       Dagger            |       |       |    12 ||    12
Evoke: Wand              |       |     3 |     4 ||     7
  Use: Scroll            |       |       |     5 ||     5
 Stab: Sleeping          |     5 |     2 |    15 ||    22
       Paralysed         |       |     3 |       ||     3
  Eat: Chunk             |     6 |     2 |    10 ||    18
       Ration            |       |     1 |     1 ||     2
Armor: Skin              |    81 |    86 |   168 ||   335
Dodge: Dodged            |    35 |    41 |    63 ||   139
Block: Medium shield     |    62 |    86 |   212 ||   360
